 Dungeon Crawl Stone Soup version 0.31-a0-204-g7da18cac08 (webtiles) character file.

Game seed: 18199843707096319031

53 innerfire43 the Trooper (level 3, -2/29 HPs)
             Began as a Demonspawn Monk on June 27, 2023.
             Slain by a gnoll
             ... wielding a +0 spear
              (9 damage)
             ... on level 2 of the Dungeon.
             The game lasted 00:01:19 (816 turns).

innerfire43 the Trooper (Demonspawn Monk)            Turns: 816, Time: 00:01:19

Health: -2/29      AC:  2    Str: 13    XL:     3   Next: 64%
Magic:  3/3        EV: 13    Int: 11    God:
Gold:   70         SH:  0    Dex: 15    Spells: 2/2 levels left

rFire   . . .        a - +0 hand axe
rCold   . . .        d - orb {light}
rNeg    . . .        b - +0 robe
rPois   .            (no helmet)
rElec   .            (no cloak)
rCorr   .            (no gloves)
SInv    .            (no boots)
Will    .....        (no amulet)
Stlth   +            (no ring)
HPRegen 0.24/turn    (no ring)
MPRegen 0.08/turn

%: no passive effects
@: confused, ambrosia-drunk, glowing
A: large bone plates 1, foul stench 1
a: no special abilities


You were on level 2 of the Dungeon.
You visited 1 branch of the dungeon, and saw 2 of its levels.

You collected 70 gold pieces.

Inventory:

Hand Weapons
 a - a +0 hand axe (weapon)
Armour
 b - a +0 robe (worn)
 d - an orb of light (worn)
Scrolls
 e - 5 scrolls of identify {unknown}
 f - a scroll of teleportation {unknown}
Potions
 g - a potion of haste {unknown}
 h - a potion of lignification {unknown}
 i - a potion of mutation {unknown}
 j - a potion of might {unknown}


   Skills:
 + Level 3.5 Fighting
 * Level 3.4 Axes
 + Level 3.2 Dodging


You had 2 spell levels left.
You didn't know any spells.
Your spell library was empty.

Dungeon Overview and Level Annotations

Branches:
Dungeon (2/15)

Altars:


Innate Abilities, Weirdness & Mutations

You are partially covered in large bone plates. (SH +4)
You may rarely emit foul miasma when damaged in melee.


Message History

A gnoll is nearby!
A gnoll comes into view. It is wielding a +0 spear.
The gnoll shouts!
The gnoll hits you from afar with a +0 spear.
A gnoll comes into view. It is wielding a +0 club.
There are monsters nearby!
An endoplasm comes into view.
The gnoll shouts!
The endoplasm quivers.
You block the gnoll's attack.
There are monsters nearby!
You barely miss the gnoll. The gnoll closely misses you.
You barely miss the gnoll. The gnoll completely misses you.
The gnoll hits you with a +0 spear.
There are monsters nearby!
You hit the gnoll.
The gnoll is heavily wounded.
The gnoll completely misses you. The gnoll closely misses you.
You barely miss the gnoll.
The gnoll is heavily wounded.
The gnoll misses you. The gnoll hits you with a +0 spear.
You hit the gnoll but do no damage.
The gnoll is heavily wounded.
You barely miss the gnoll. The gnoll barely misses you.
The gnoll hits you with a +0 spear! The gnoll misses you.
You are too injured to fight recklessly!
You are too injured to fight recklessly!
You hit the gnoll but do no damage.
The gnoll is heavily wounded.
You hit the endoplasm. You hit the gnoll.
The gnoll hits you from afar with a +0 spear.
* * * LOW HITPOINT WARNING * * *
The gnoll completely misses you. The endoplasm hits you.
* * * LOW HITPOINT WARNING * * *
The gnoll hits you with a +0 club.
* * * LOW HITPOINT WARNING * * *
You are confused.
You feel invigorated.
The gnoll hits you from afar with a +0 spear!
You die...

.. ... ...# #.# # ..#.
#.# .# ... ...<.#
#..#.#..# #.g#.#..#
#..ggJ..####
#.#@#.#...### ###
#...........# #..
######.#.......## #.###
.................###.#..
#.......<.........##.#..
..######..........##....
##.......#.....†. #<.>#
#........##...... #...#
#.##....###..###.


You could see 3 gnolls and an endoplasm.

Vanquished Creatures
  5 endoplasms
  A giant cockroach (D:1)
  3 goblins
  3 hobgoblins (D:1)
  10 jackals (D:1)
  3 kobolds
  2 quokkas (D:1)
  4 ball pythons
  9 bats
  A frilled lizard (D:2)
  6 rats
47 creatures vanquished.

Notes
Turn   | Place    | Note
-------+----------+-------------------------------------------
     0 | D:1      | innerfire43 the Demonspawn Monk began the quest for the
                  | Orb.
     0 | D:1      | Reached XP level 1. HP: 18/18 MP: 1/1
    84 | D:1      | Gained mutation: You may rarely emit foul miasma when
                  | damaged in melee. [demonic ancestry]
    84 | D:1      | Reached XP level 2. HP: 21/24 MP: 2/2
   338 | D:1      | Gained mutation: You are partially covered in large bone
                  | plates. (SH +4) [demonic ancestry]
   338 | D:1      | Reached XP level 3. HP: 29/29 MP: 3/3
   548 | D:2      | Identified the +0 ring mail "Narphoatt" {Harm rPois Str-5}
   816 | D:2      | Slain by a gnoll

Illustrated notes

Levels and vault maps discovered:
D:1:      nicolae_arrival_memento_mori, layout_rooms, chequers_mini_garden
D:2:      layout_loops_cross, minmay_three_crescents

Skill      XL: |  1  2 |
---------------+-------+-----
Axes           | 3 |  3.4
Dodging        | 3 |  3.2
Fighting       | |  3.5

Action                     || total
---------------------------++-------
  Melee: Hand axe          ||   128
    Use: Potion            ||     1
 Armour: Robe              ||    23
  Dodge: Dodged            ||   116
  Block: Orb               ||    13

Table legend: (Time is in decaauts)
 A = Elapsed time spent in this place.
 B = Non-inter-level travel time spent in this place.
 C = Inter-level travel time spent in this place.
 D = Time resting spent in this place.
 E = Time spent auto-exploring this place.
 F = Levels seen in this place.
 G = Mean time per level.
                   A        B        C        D        E       F      G
               +--------+--------+--------+--------+--------+-----+--------+
         Total |    833 |    833 |      0 |      0 |    581 |   2 |  416.5 |
       Dungeon |    833 |    833 |      0 |      0 |    581 |   2 |  416.5 |
               +--------+--------+--------+--------+--------+-----+--------+

Top non-repeatable levels by time:
     D:1: 555 daAuts
     D:2: 278 daAuts
